 Dungeon Crawl Stone Soup version 0.28-a0-1241-gf280a0fbb2 (webtiles) character file.

Game seed: 13364447421218720416

1799 Grim the Grappler (level 8, -3/71 HPs)
             Began as a Troll Hunter on Dec 26, 2021.
             Was an Initiate of Wu Jian.
             Slain by a cyclops (19 damage)
             ... on level 6 of the Dungeon.
             The game lasted 00:08:40 (4158 turns).

Grim the Grappler (Troll Hunter)                    Turns: 4158, Time: 00:08:40

Health: -3/71      AC:  4    Str: 21    XL:     8   Next: 83%
Magic:  7/7        EV:  9    Int:  9    God:    Wu Jian [......]
Gold:   116        SH:  0    Dex: 10    Spells: 7/7 levels left

rFire   . . .      SeeInvis .     - Unarmed
rCold   . . .      Faith    .   (no shield)
rNeg    . . .      Spirit   .   b - +0 robe
rPois   .          Reflect  .   (helmet restricted)
rElec   .          Harm     .   (no cloak)
rCorr   .          Rampage  .   (gloves unavailable)
Will    .....                   (boots unavailable)
Stlth   +.........              (no amulet)
HPRegen 1.01/turn               (no ring)
MPRegen 0.10/turn               (no ring)

@: no status effects
A: large, unfitting armour, claws 3, regeneration 1, shaggy fur 1, tough skin 1
a: Renounce Religion


You were on level 6 of the Dungeon.
You worshipped Wu Jian.
Wu Jian was noncommittal.
You visited 2 branches of the dungeon, and saw 7 of its levels.

You collected 116 gold pieces.

Inventory:

Missiles
 c - 2 large rocks (quivered)
 d - 2 throwing nets
 j - 7 javelins
Armour
 b - a +0 robe (worn)
Jewellery
 e - a ring of positive energy
Wands
 l - a wand of iceblast (9)
Scrolls
 a - a scroll of enchant armour {unknown}
 h - a scroll of holy word {unknown}
 k - a scroll of immolation {unknown}
 n - a scroll of amnesia {unknown}
 o - a scroll of summoning {unknown}
 q - a scroll of blinking {unknown}
 r - a scroll of teleportation {unknown}
 s - a scroll of fog {unknown}
Potions
 f - 4 potions of curing
 g - a potion of haste {unknown}
 i - 4 potions of heal wounds
 m - a potion of resistance {unknown}
 p - 2 potions of might


   Skills:
 + Level 1.7 Fighting
 + Level 3.9 Throwing
 - Level 1.5 Dodging
 - Level 0.3 Stealth
 * Level 11.2 Unarmed Combat


You had 7 spell levels left.
You didn't know any spells.
Your spell library contained the following spells:

 Spells                   Type           Power      Damage    Failure   Level
 Beastly Appendage        Tmut           0%         N/A       38%         1
 Passwall                 Tmut/Erth      0%         N/A       52%         2
 Wereblood                Tmut           0%         N/A       52%         2
 Portal Projectile        Hex/Tloc       0%         N/A       77%         3
 Spider Form              Tmut/Pois      0%         N/A       77%         3
 Passage of Golubria      Tloc           0%         N/A       99%         4
 Blade Hands              Tmut           0%         N/A       100%        5
 Excruciating Wounds      Necr           0%         N/A       100%        5
 Dispersal                Tloc           0%         N/A       100%        6


Dungeon Overview and Level Annotations

Branches:
Dungeon (6/15)             Temple (1/1) D:4

Altars:
Cheibriados
Dithmenos
Elyvilon
Fedhas
Gozag
Kikubaaqudgha
Makhleb
Nemelex Xobeh
Sif Muna
Trog
Uskayaw
Vehumet
Wu Jian
Xom
Yredelemnul
Zin
The Shining One


Innate Abilities, Weirdness & Mutations

You are too large for most types of armour.
You have claws for hands.
Your natural rate of healing is unusually fast.
You are covered in fur. (AC +1)
You have tough skin. (AC +1)


Message History

(D) Dungeon (T) Temple
Where to? (Enter - D:5, ? - help)
There is a stone staircase leading down here.
You climb downwards.
You hear the sound of rushing water.
There is an entrance to a sewer on this level.
Hurry and find it before the portal rusts away!
There is a stone staircase leading up here.
You feel a little less mighty now.
A cyclops comes into view.
The cyclops shouts!
You hear a shout!
You hear an angry hiss.
A bullfrog comes into view.
Throw: 4 large rocks
Press: ? - help, Q - select action, (/) - cycle Shift-Dir - straight line, f - cyclops
Aim: a cyclops, quivering large rocks (85% to hit)
You throw a large rock. The large rock hits the cyclops!!
The cyclops is heavily wounded.
You hear an angry hiss.
An iguana comes into view.
The cyclops barely misses you.
Drop what? 19/52 slots (_ for help) (? for menu, Esc to quit)
Okay, then.
Throw: 3 large rocks
Press: ? - help, Q - select action, (/) - cycle Shift-Dir - straight line, f/p - cyclops
Aim: a cyclops, quivering large rocks (heavily wounded, 85% to hit)
You throw a large rock. The large rock hits the cyclops.
The cyclops is heavily wounded.
You hear a shout!
A troll comes into view.
The cyclops hits you!!
You hear an angry hiss. x2
You barely miss the cyclops.
The cyclops is heavily wounded.
The troll bites you!
* * * LOW HITPOINT WARNING * * *
The troll claws you!
* * * LOW HITPOINT WARNING * * *
The troll claws you!
* * * LOW HITPOINT WARNING * * *
The cyclops hits you!!
You die...

.# .# .# .#### .#..
F.# ##T.# #@C#
################.#l#
.................# #
################..#
#..# #.## #.# #..
#.#


You could see a cyclops, a troll, a bullfrog and an iguana.

Vanquished Creatures
  The ghost of anet the Magician, a novice GnWz (D:5)
  Grinder (D:4)
  Sigmund (D:5)
  Edmund (D:4)
  A sky beast (D:5)
  2 ogres
  A necrophage (D:4)
  A phantom (D:4)
  2 scorpions
  A water moccasin zombie (D:3)
  A hound (D:5)
  4 orc priests
  Ijyb (D:3)
  An iguana (D:5)
  3 orc wizards
  A hound skeleton (D:4)
  Robin (D:4)
  4 gnolls
  3 adders
  A shadow imp (D:5)
  An adder zombie (D:5)
  2 dart slugs
  5 orcs
  7 endoplasms
  4 giant cockroaches (D:1)
  11 goblins
  8 hobgoblins
  7 jackals
  5 kobolds
  3 quokkas
  5 ball pythons
  2 bats
  3 frilled lizards
  8 rats
103 creatures vanquished.

Vanquished Creatures (others)
  10 plants (D:1)
  5 toadstools (D:1)
15 creatures vanquished.

Grand Total: 118 creatures vanquished

Notes
Turn   | Place    | Note
-------+----------+-------------------------------------------
     0 | D:1      | Grim the Troll Hunter began the quest for the Orb.
     0 | D:1      | Reached XP level 1. HP: 19/19 MP: 0/0
    41 | D:1      | Reached skill level 1 in Unarmed Combat
    42 | D:1      | Got Gurruont's Papyrus of Quantum Stones
    72 | D:1      | Reached XP level 2. HP: 26/27 MP: 1/1
   270 | D:1      | Reached skill level 2 in Unarmed Combat
   493 | D:1      | Found a faded altar of an unknown god.
   771 | D:2      | Reached skill level 3 in Unarmed Combat
   771 | D:2      | Reached XP level 3. HP: 27/33 MP: 2/2
   804 | D:2      | Reached XP level 4. HP: 22/41 MP: 3/3
  1140 | D:2      | Reached skill level 4 in Unarmed Combat
  1206 | D:2      | Found a shadowy altar of Dithmenos.
  1601 | D:3      | Reached XP level 5. HP: 23/48 MP: 4/4
  1677 | D:3      | Noticed an ogre
  1709 | D:3      | Reached skill level 5 in Unarmed Combat
  1861 | D:3      | Killed an ogre
  1862 | D:3      | Reached skill level 6 in Unarmed Combat
  1862 | D:3      | Reached XP level 6. HP: 55/55 MP: 5/5
  1942 | D:3      | Noticed Ijyb
  1945 | D:3      | Killed Ijyb
  2438 | D:4      | Noticed Edmund
  2446 | D:4      | Killed Edmund
  2447 | D:4      | Reached skill level 7 in Unarmed Combat
  2493 | D:4      | Reached XP level 7. HP: 62/62 MP: 6/6
  2549 | D:4      | Noticed Robin
  2582 | D:4      | Killed Robin
  2774 | D:4      | Reached skill level 8 in Unarmed Combat
  2798 | D:4      | Found a staircase to the Ecumenical Temple.
  2909 | Temple   | Entered the Ecumenical Temple
  2958 | Temple   | Became a worshipper of the Wu Jian Council
  3227 | D:4      | Noticed Grinder
  3229 | D:4      | Paralysed by Grinder for 6 turns
  3239 | D:4      | Killed Grinder
  3240 | D:4      | Reached skill level 9 in Unarmed Combat
  3401 | D:5      | Entered Level 5 of the Dungeon
  3426 | D:4      | Reached XP level 8. HP: 36/70 MP: 7/7
  3556 | D:5      | Found a runed translucent door.
  3563 | D:5      | Noticed anet's ghost (novice GnWz)
  3596 | D:5      | Noticed Sigmund
  3598 | D:5      | Killed Sigmund
  3599 | D:5      | Reached skill level 10 in Unarmed Combat
  4094 | D:5      | Killed anet's ghost
  4095 | D:5      | Reached skill level 11 in Unarmed Combat
  4155 | D:6      | Noticed a cyclops
  4157 | D:6      | Noticed a troll
  4158 | D:6      | Slain by a cyclops

Illustrated notes

Levels and vault maps discovered:
D:1:      ldierk_walled_garden, layout_basic, dilly_ecumenical_altar_fadedgnrine
D:2:      layout_loops_ring, basic_altar, minmay_misc_feat_five
D:3:      layout_loops_ring, uniq_ijyb
D:4:      layout_gridville, minmay_temple_entry_gardened_gates, minivault_4,
          minmay_misc_feat_room, kennysheep_generic_room_11, uniq_edmund,
          uniq_robin, uniq_grinder
D:5:      layout_basic, ebering_ghost_reflecting_pool, uniq_sigmund
D:6:      layout_basic, serial_shops, shop_statue, shop,
          nicolae_take_the_stairs, cheibrodos_sewer_entry_bend,
          minmay_manual_mess, uniq_blork_the_orc
Temple:   nicolae_temple_the_god_donut

Skill      XL: |  1  2  3  4  5  6  7  8 |
---------------+-------------------------+-----
Unarmed Combat | 1 3 4 6 7 9 11 | 11.2
Fighting       | |  1.7
Throwing       | |  3.9
Dodging        | |  1.5
Stealth        | |  0.3

Action                   |  1- 3 |  4- 6 |  7- 9 || total
-------------------------+-------+-------+-------++-------
Melee: Unarmed           |    82 |    99 |    90 ||   271
       Punch             |     2 |     4 |     3 ||     9
Throw: Large rock        |       |     8 |    18 ||    26
       Javelin           |       |    15 |     8 ||    23
       Throwing net      |       |     1 |       ||     1
Invok: Lunge             |       |       |     3 ||     3
  Use: Scroll            |       |       |     3 ||     3
       Potion            |       |       |     1 ||     1
 Stab: Sleeping          |     1 |     1 |       ||     2
       Held in net/web   |       |     2 |       ||     2
Armor: Robe              |    27 |    35 |    21 ||    83
Dodge: Dodged            |    38 |    39 |    27 ||   104

Table legend: (Time is in decaauts)
 A = Elapsed time spent in this place.
 B = Non-inter-level travel time spent in this place.
 C = Inter-level travel time spent in this place.
 D = Time resting spent in this place.
 E = Time spent auto-exploring this place.
 F = Levels seen in this place.
 G = Mean time per level.
                   A        B        C        D        E       F      G
               +--------+--------+--------+--------+--------+-----+--------+
         Total |   4165 |   3883 |    282 |    326 |   2748 |   7 |  595.0 |
       Dungeon |   4092 |   3834 |    258 |    326 |   2748 |   6 |  682.0 |
        Temple |     72 |     49 |     23 |      0 |      0 |   1 |   72.0 |
               +--------+--------+--------+--------+--------+-----+--------+

Top non-repeatable levels by time:
     D:4: 994 daAuts
     D:2: 883 daAuts
     D:1: 789 daAuts
     D:3: 768 daAuts
     D:5: 626 daAuts
  Temple: 72 daAuts
     D:6: 31 daAuts
